BLB
NEW YORK CYCLONES @ WASHINGTON BATS
09/15/2059
 
TOP OF THE 1ST
New York Cyclones batting - Pitching for Washington Bats : RHP Evan Baker
Pitching: RHP Evan Baker
Batting: LHB John McIntyre 0-0: Called Strike
0-1: Ball
1-1: Ball
2-1: Ball
3-1: Called Strike
3-2: Strikes out swinging
Batting: RHB Fred Etheridge 0-0: Called Strike
0-1: Ball
1-1: Swinging Strike
1-2: Ball
2-2: Fly out, F9 (Flyball, 9, EV 74.4 MPH)
Batting: RHB Jarrett Evans 0-0: Called Strike
0-1: Ball
1-1: Ball
2-1: Foul Ball, location: 2F
2-2: Ball
3-2: Base on Balls
Batting: LHB Jim Mjima 0-0: Called Strike
0-1: Foul Ball, location: 2F
0-2: Ball
1-2: Ball
2-2: Strikes out swinging
Top of the 1st over - 0 runs, 0 hits, 0 errors, 1 left on base; New York 0 - Washington 0
BOTTOM OF THE 1ST
Washington Bats batting - Pitching for New York Cyclones : LHP Parker Lord
Pitching: LHP Parker Lord
Batting: RHB Julian Ludin 0-0: Called Strike
0-1: Fly out, F5 (Line Drive, 5, EV 69.4 MPH)
Batting: RHB Owen Dooley 0-0: Called Strike
0-1: Ball
1-1: Ball
2-1: Ball
3-1: Foul Ball, location: 2F
3-2: SINGLE (Groundball, 56D, EV 95.6 MPH)
Batting: RHB Hayden Jones 0-0: Ball
1-0: Foul Ball, location: 2F
1-1: Ball
2-1: Foul Ball, location: 2F
2-2: Foul Ball, location: 2F
2-2: Foul Ball, location: 2F
2-2: Strikes out swinging
Batting: RHB Parker Lee 0-0: Swinging Strike
0-1: Foul Ball, location: 2F
0-2: Ball
1-2: Ball
2-2: Strikes out looking
Bottom of the 1st over - 0 runs, 1 hit, 0 errors, 1 left on base; New York 0 - Washington 0
TOP OF THE 2ND
New York Cyclones batting - Pitching for Washington Bats : RHP Evan Baker
Batting: LHB Jared Rosewall 0-0: Ball
1-0: Ground out 2-3 (Groundball, 15S, EV 75.0 MPH)
Batting: RHB Alexander Charter 0-0: Ball
1-0: Foul Ball, location: 2F
1-1: Ball
2-1: Ball
3-1: Foul Ball, location: 2F
3-2: Foul Ball, location: 2F
3-2: Fly out, F7 (Flyball, 78M, EV 97.5 MPH)
Batting: LHB Tariq Alston 0-0: Ball
1-0: Ground out 3-1 (Groundball, 34S, EV 88.1 MPH)
Top of the 2nd over - 0 runs, 0 hits, 0 errors, 0 left on base; New York 0 - Washington 0
BOTTOM OF THE 2ND
Washington Bats batting - Pitching for New York Cyclones : LHP Parker Lord
Batting: RHB Ken Daly 0-0: Ball
1-0: Ball
2-0: Foul Ball, location: 2F
2-1: Foul Ball, location: 2F
2-2: Ball
3-2: Foul Ball, location: 2F
3-2: Foul Ball, location: 2F
3-2: SINGLE (Groundball, 56S, EV 72.5 MPH) (infield hit)
Batting: RHB Sean McReynolds 0-0: Foul Ball, location: 2F
0-1: Called Strike
0-2: Ball
1-2: Ball
2-2: Foul Ball, location: 2F
2-2: Foul Ball, location: 2F
2-2: 2-RUN HOME RUN (Flyball, 7LD, EV 92.5 MPH), Distance : 337 ft
Batting: RHB Jeremy Hollabaugh 0-0: Ball
1-0: Ball
2-0: Ground out 4-3 (Groundball, 4, EV 89.4 MPH)
Batting: LHB Evan Wilson 0-0: Called Strike
0-1: Ball
1-1: Foul Ball, location: 2F
1-2: Ball
2-2: Ground out 4-3 (Groundball, 4, EV 90.6 MPH)
Batting: RHB Barrington Purbacaraka 0-0: Foul Ball, location: 2F
0-1: Called Strike
0-2: Ball
1-2: Fly out, F4 (Line Drive, 4, EV 67.5 MPH)
Bottom of the 2nd over - 2 runs, 2 hits, 0 errors, 0 left on base; New York 0 - Washington 2
TOP OF THE 3RD
New York Cyclones batting - Pitching for Washington Bats : RHP Evan Baker
Batting: RHB Devon Richardson 0-0: Ball
1-0: Ball
2-0: Called Strike
2-1: Ball
3-1: Base on Balls
Batting: RHB Parker Capalbo 0-0: Called Strike
0-1: Ball
Wild Pitch!
Devon Richardson to second
1-1: Called Strike
1-2: Ball
2-2: Foul Ball, location: 2F
2-2: Foul Ball, location: 2F
2-2: SINGLE (Line Drive, 9S, EV 98.8 MPH)
Devon Richardson to third
Batting: LHB John McIntyre 0-0: Ball
1-0: Called Strike
1-1: Foul Ball, location: 2F
1-2: Ball
2-2: Strikes out looking
Batting: RHB Fred Etheridge 0-0: Ball
1-0: Ball
2-0: Foul Ball, location: 2F
2-1: Foul Ball, location: 2F
2-2: Strikes out looking
Batting: RHB Jarrett Evans 0-0: Ball
1-0: Foul Ball, location: 2F
1-1: Ball
2-1: Swinging Strike
2-2: Strikes out swinging
Top of the 3rd over - 0 runs, 1 hit, 0 errors, 2 left on base; New York 0 - Washington 2
BOTTOM OF THE 3RD
Washington Bats batting - Pitching for New York Cyclones : LHP Parker Lord
Batting: RHB Julian Ludin 0-0: Ball
1-0: Ground out 6-3 (Groundball, 6S, EV 66.2 MPH)
Batting: RHB Owen Dooley 0-0: Ground out 3-1 (Groundball, 34, EV 92.5 MPH)
Batting: RHB Hayden Jones 0-0: Called Strike
0-1: Ball
1-1: Hit by Pitch
Batting: RHB Parker Lee 0-0: Called Strike
0-1: Ball
1-1: Foul Ball, location: 2F
1-2: Foul Ball, location: 2F
1-2: Foul Ball, location: 2F
1-2: SINGLE (Groundball, 5D, EV 104.4 MPH)
Hayden Jones to second
Batting: RHB Ken Daly 0-0: Foul Ball, location: 2F
0-1: Ball
1-1: Swinging Strike
1-2: Ball
2-2: Ball
3-2: Foul Ball, location: 2F
3-2: Fly out, F7 (Flyball, 7LD, EV 94.4 MPH)
Bottom of the 3rd over - 0 runs, 1 hit, 0 errors, 2 left on base; New York 0 - Washington 2
TOP OF THE 4TH
New York Cyclones batting - Pitching for Washington Bats : RHP Evan Baker
Batting: LHB Jim Mjima 0-0: Ball
1-0: Called Strike
1-1: Swinging Strike
1-2: SINGLE (Flyball, 56D, EV 96.9 MPH)
Batting: LHB Jared Rosewall 0-0: Ball
1-0: Ball
2-0: Called Strike
2-1: Foul Ball, location: 2F
2-2: Ball
3-2: Foul Ball, location: 2F
3-2: DOUBLE (Groundball, 5L, EV 101.9 MPH)
Jim Mjima to third
Batting: RHB Alexander Charter 0-0: Foul Ball, location: 2F
0-1: Ground out 6-3 (Groundball, 6M, EV 104.4 MPH)
Jim Mjima scores
Jared Rosewall to third
Batting: LHB Tariq Alston 0-0: Called Strike
0-1: Foul Ball, location: 2F
0-2: Ball
1-2: Strikes out swinging
Batting: RHB Devon Richardson 0-0: Swinging Strike
0-1: Called Strike
0-2: Ball
1-2: Strikes out swinging
Top of the 4th over - 1 run, 2 hits, 0 errors, 1 left on base; New York 1 - Washington 2
BOTTOM OF THE 4TH
Washington Bats batting - Pitching for New York Cyclones : LHP Parker Lord
Batting: RHB Sean McReynolds 0-0: Ball
1-0: Ball
2-0: Ground out 4-3 (Groundball, 4M, EV 83.8 MPH)
Batting: RHB Jeremy Hollabaugh 0-0: Ball
1-0: SINGLE (Groundball, 56S, EV 72.5 MPH) (infield hit)
Batting: LHB Evan Wilson 0-0: Ball
1-0: Ball
2-0: Called Strike
2-1: Ball
3-1: Called Strike
3-2: Foul Ball, location: 2F
3-2: Fly out, F8 (Line Drive, 8RD, EV 96.9 MPH)
Batting: RHB Barrington Purbacaraka 0-0: Called Strike
0-1: Fly out, F7 (Line Drive, 7, EV 109.4 MPH)
Bottom of the 4th over - 0 runs, 1 hit, 0 errors, 1 left on base; New York 1 - Washington 2
TOP OF THE 5TH
New York Cyclones batting - Pitching for Washington Bats : RHP Evan Baker
Batting: RHB Parker Capalbo 0-0: Called Strike
0-1: Fly out, F9 (Flyball, 9, EV 88.1 MPH)
Batting: LHB John McIntyre 0-0: Called Strike
0-1: Called Strike
0-2: Ground out 4-3 (Groundball, 34, EV 88.1 MPH)
Batting: RHB Fred Etheridge 0-0: Called Strike
0-1: Swinging Strike
0-2: Ball
1-2: Ball
2-2: Foul Ball, location: 2F
2-2: Foul Ball, location: 2F
2-2: Strikes out looking
Top of the 5th over - 0 runs, 0 hits, 0 errors, 0 left on base; New York 1 - Washington 2
BOTTOM OF THE 5TH
Washington Bats batting - Pitching for New York Cyclones : LHP Parker Lord
Batting: RHB Julian Ludin 0-0: Ball
1-0: TRIPLE (Flyball, 89XD, EV 106.2 MPH)
Batting: RHB Owen Dooley 0-0: Ball
1-0: Called Strike
1-1: DOUBLE (Groundball, 5L, EV 109.4 MPH)
Julian Ludin scores
Batting: RHB Hayden Jones 0-0: Ball
1-0: Swinging Strike
1-1: SINGLE (Groundball, 56D, EV 105.6 MPH)
Owen Dooley to third
Runner from 3rd tries for Home, SAFE, throw by LF to home
Batting: RHB Parker Lee 0-0: Called Strike
0-1: Called Strike
0-2: Foul Ball, location: 2F
0-2: Ball
1-2: Foul Ball, location: 2F
1-2: Grounds into double play, 6-4-3 (Groundball, 6, EV 101.2 MPH)
Batting: RHB Ken Daly 0-0: Ball
1-0: Called Strike
1-1: Called Strike
1-2: SINGLE (Flyball, 8LS, EV 93.1 MPH)
Batting: RHB Sean McReynolds 0-0: Ball
1-0: Ball
2-0: Called Strike
2-1: Foul Ball, location: 2F
2-2: Ball
3-2: Foul Ball, location: 2F
3-2: Fly out, F8 (Flyball, 8LS, EV 86.2 MPH)
Bottom of the 5th over - 2 runs, 4 hits, 0 errors, 1 left on base; New York 1 - Washington 4
TOP OF THE 6TH
New York Cyclones batting - Pitching for Washington Bats : RHP Evan Baker
Batting: RHB Jarrett Evans 0-0: Called Strike
0-1: Ball
1-1: Ground out 2-3 (Groundball, 15S, EV 65.0 MPH)
Batting: LHB Jim Mjima 0-0: Called Strike
0-1: Foul Ball, location: 2F
0-2: Ball
1-2: Foul Ball, location: 2F
1-2: Foul Ball, location: 2F
1-2: Strikes out swinging
Batting: LHB Jared Rosewall 0-0: Ball
1-0: Ground out 5-3 (Groundball, 56, EV 100.0 MPH)
Top of the 6th over - 0 runs, 0 hits, 0 errors, 0 left on base; New York 1 - Washington 4
BOTTOM OF THE 6TH
Washington Bats batting - Pitching for New York Cyclones : LHP Parker Lord
Pitching: RHP Sean Vitale
Batting: RHB Jeremy Hollabaugh 0-0: Ball
1-0: Fly out, F8 (Flyball, 8LD, EV 78.1 MPH)
Batting: LHB Evan Wilson 0-0: Fly out, F6 (Popup, 6, EV 71.2 MPH)
Batting: RHB Barrington Purbacaraka 0-0: Swinging Strike
0-1: Foul Ball, location: 2F
0-2: Ball
1-2: Strikes out swinging
Bottom of the 6th over - 0 runs, 0 hits, 0 errors, 0 left on base; New York 1 - Washington 4
TOP OF THE 7TH
New York Cyclones batting - Pitching for Washington Bats : RHP Evan Baker
Pitching: LHP Carson Engel
Batting: RHB Alexander Charter 0-0: Foul Ball, location: 2F
0-1: Ball
1-1: Ball
2-1: Swinging Strike
2-2: Ball
3-2: Strikes out swinging
Batting: LHB Tariq Alston 0-0: Ball
1-0: Ball
2-0: Called Strike
2-1: Called Strike
2-2: Foul Ball, location: 2F
2-2: Foul Ball, location: 2F
2-2: Foul Ball, location: 2F
2-2: Strikes out swinging
Batting: RHB Devon Richardson 0-0: Called Strike
0-1: Ball
1-1: Foul Ball, location: 2F
1-2: Foul Ball, location: 2F
1-2: Strikes out swinging
Top of the 7th over - 0 runs, 0 hits, 0 errors, 0 left on base; New York 1 - Washington 4
BOTTOM OF THE 7TH
Washington Bats batting - Pitching for New York Cyclones : RHP Sean Vitale
Batting: RHB Julian Ludin 0-0: Called Strike
0-1: Swinging Strike
0-2: Strikes out swinging
Batting: RHB Owen Dooley 0-0: Foul Ball, location: 2F
0-1: Called Strike
0-2: Ball
1-2: SINGLE (Groundball, 56D, EV 108.8 MPH)
Batting: RHB Hayden Jones 0-0: Foul Ball, location: 2F
0-1: Hit by Pitch
Owen Dooley to second
Batting: RHB Parker Lee 0-0: Called Strike
Balk!
Owen Dooley to third
Hayden Jones to second
0-1: Foul Ball, location: 2F
0-2: Ball
1-2: Ball
2-2: Foul Ball, location: 2F
2-2: Foul Ball, location: 2F
2-2: Foul Ball, location: 2F
2-2: Strikes out swinging
Batting: RHB Ken Daly 0-0: Ball
1-0: Fly out, F6 (Popup, 4M, EV 78.8 MPH)
Bottom of the 7th over - 0 runs, 1 hit, 0 errors, 2 left on base; New York 1 - Washington 4
TOP OF THE 8TH
New York Cyclones batting - Pitching for Washington Bats : LHP Carson Engel
Batting: RHB Parker Capalbo 0-0: Called Strike
0-1: Called Strike
0-2: Ball
1-2: Foul Ball, location: 2F
1-2: Ball
2-2: Strikes out swinging
Pinch Hitting: RHB Rob Detling 0-0: Ball
1-0: Called Strike
1-1: Ball
2-1: Fly out, F7 (Flyball, 78D, EV 109.4 MPH)
Batting: RHB Fred Etheridge 0-0: Foul Ball, location: 2F
0-1: Ball
1-1: Foul Ball, location: 2F
1-2: Ball
2-2: Foul Ball, location: 2F
2-2: Foul Ball, location: 2F
2-2: Ball
3-2: Base on Balls
Batting: RHB Jarrett Evans 0-0: Ball
1-0: Called Strike
1-1: Ball
2-1: Ball
3-1: Foul Ball, location: 2F
3-2: Base on Balls
Fred Etheridge to second
Batting: LHB Jim Mjima 0-0: Ball
1-0: Swinging Strike
1-1: Foul Ball, location: 2F
1-2: Foul Ball, location: 2F
1-2: Strikes out swinging
Top of the 8th over - 0 runs, 0 hits, 0 errors, 2 left on base; New York 1 - Washington 4
BOTTOM OF THE 8TH
Washington Bats batting - Pitching for New York Cyclones : RHP Sean Vitale
Now in RF: Jerry Critchfield
Batting: RHB Sean McReynolds 0-0: Foul Ball, location: 2F
0-1: Swinging Strike
0-2: Ball
1-2: Foul Ball, location: 2F
1-2: Ball
2-2: Foul Ball, location: 2F
2-2: Foul Ball, location: 2F
2-2: SINGLE (Groundball, 56S, EV 94.4 MPH)
Batting: RHB Jeremy Hollabaugh 0-0: Ball
1-0: Called Strike
1-1: Fielders Choice at 2nd, 4-6 (Groundball, 4M, EV 103.8 MPH)
Batting: LHB Evan Wilson 0-0: Called Strike
0-1: Ball
1-1: Ball
2-1: Foul Ball, location: 2F
2-2: Grounds into double play, 5-4-3 (Groundball, 5, EV 98.8 MPH)
Bottom of the 8th over - 0 runs, 1 hit, 0 errors, 0 left on base; New York 1 - Washington 4
TOP OF THE 9TH
New York Cyclones batting - Pitching for Washington Bats : LHP Carson Engel
Pitching: LHP Darius Huschke
Batting: LHB Jared Rosewall 0-0: Swinging Strike
0-1: Foul Ball, location: 2F
0-2: Strikes out swinging
Batting: RHB Alexander Charter 0-0: Ball
1-0: Fly out, F4 (Popup, 34, EV 70.6 MPH)
Batting: LHB Tariq Alston 0-0: Foul Ball, location: 2F
0-1: Swinging Strike
0-2: Ball
1-2: Foul Ball, location: 2F
1-2: Foul Ball, location: 2F
1-2: Ball
2-2: Ground out U3 (Groundball, 3, EV 86.2 MPH)
Top of the 9th over - 0 runs, 0 hits, 0 errors, 0 left on base; New York 1 - Washington 4
Tuesday, April 2nd , 2024 - OOTP Baseball 23.10 Build 110